Banto, lawful male human Samurai ----- ------------ -------- |.... |...........###############.....)..#######....| |..........| |....<.| |...|00 @-..........-# ##.......|#######|....# f|.........>|# # |......|# |...|#0 |..........|# ### --------# -----# ------------# ############################## # # # # # # ############# # # # Banto the Ronin Experience level: 3 Strength: 17 Dexterity: 15 Constitution: 18 Intelligence: 10 Wisdom: 7 Charisma: 8 Health: 0(35) Energy: 12(12) AC: 4 Gold: 478 Moves: 1426 Your Inventory: Coins $ - 478 gold pieces Amulets n - an uncursed warped amulet [of restful sleep] Weapons a - an uncursed corroded +0 katana (weapon in hand) b - an uncursed +3 wakizashi (alternate weapon; not wielded) c - an uncursed +0 yumi d - 42 uncursed +0 ya (in quiver) Armor e - an uncursed rustproof +0 splint mail (being worn) Comestibles o - 2 [uncursed] gunyoki Scrolls l - a [blessed] scroll labeled VERR YED HORRE [of enchant armor] m - an [uncursed] scroll labeled ZELGO MER [of gold detection] p - a [cursed] scroll labeled ACHAT SHTAYIM SHALOSH [of taming] q - an [uncursed] scroll labeled THARR [of magic mapping] t - an [uncursed] scroll labeled ASHPD [of scare monster] z - an [uncursed] scroll labeled PHOL ENDE WODAN [of flood] A - an [uncursed] scroll labeled GHOTI [of food detection] Spellbooks w - an [uncursed] white spellbook [of knock] Potions r - a [blessed] brown potion [of extra healing] s - an [uncursed] ruby potion [of sickness] x - an [uncursed] brown potion [of extra healing] Rings u - an [uncursed] bronze ring [of fire resistance] (on right hand) Wands D - an [uncursed] forked wand [of probing (0:5)] Tools v - an [uncursed] looking glass [mirror] Gems h - an [uncursed] green gem [jade] j - an [uncursed] yellowish brown gem [worthless glass] y - an [uncursed] red gem [garnet] F - an [uncursed] green gem [worthless glass] Spells known in the end: Name Level Category Fail Memory Your skills at the end: Fighting Skills martial arts [Basic / Master] Weapon Skills short sword [Basic / Expert] long sword [Basic / Expert] bow [Basic / Expert] Spellcasting Skills Final Attributes: You were devoutly aligned. Hunger level was 363. Your alignment was 16 / 17. Monster difficulty range was 0 - 4. Level difficulty was 5. You were immune to fire. You were fast. Your luck was zero. You are dead. Vanquished creatures: 2 acid blobs 4 cave spiders a gecko 5 jackals 2 sewer rats 3 grid bugs a kobold zombie 18 creatures vanquished. Voluntary challenges: You were an atheist. You used a wielded weapon 19 times. You read items or engraved 3 times. You put on armor 3 times. You never genocided any monsters. You never polymorphed an object. You never changed form. You used no wishes. You never wrote Elbereth's name. You never encountered a bones level. You never used any Sokoban shortcuts. Dungeon overview: The Dungeons of Doom: levels 1 to 5 Level 1 a long staircase Level 2 a fountain stairs to The Gnomish Mines Level 5 <- You were here The Gnomish Mines: Level 3 stairs to The Dungeons of Doom History has recorded: On T:1 you entered the Dungeons of Doom to retrieve the Amulet of Yendor! On T:401 you reached level 2 of The Dungeons of Doom. On T:424 you reached level 1 of The Gnomish Mines. On T:825 you reached level 3 of The Dungeons of Doom. On T:855 you advanced to experience level 2. On T:1041 you reached level 4 of The Dungeons of Doom. On T:1249 you reached level 5 of The Dungeons of Doom. On T:1264 you advanced to experience level 3. Latest messages: [HP+1=31] [HP+1=32] You kill the acid blob! You are splashed by the acid blob's acid! Your katana corrodes! [HP-8=24] [HP+1=25] The housecat bites! [HP-3=22] You miss the housecat. The housecat bites! [HP-4=18] You hit the housecat. The housecat bites! [HP-4=14] You miss the housecat. The housecat bites! [HP-6=8] You miss the housecat. The housecat bites! [HP-6=2] You miss the housecat. The housecat bites! You die... Final status: Sayonara Banto the Samurai... You died in The Dungeons of Doom on dungeon level 5 with 825 points, and 478 pieces of gold, after 1426 moves. You were level 3 with a maximum of 35 hit points when you died.